 Dungeon Crawl Stone Soup version 0.21-b1-23-g1fb0a74c36 (webtiles) character file.

128 Esekla the Cutter (level 4, -5/33 HPs)
             Began as a Vampire Warper on Jan 6, 2018.
             Killed by divine providence
             ... invoked by an orc priest
              (15 damage)
             ... on level 4 of the Dungeon.
             The game lasted 00:30:45 (3786 turns).

Esekla the Cutter (Vampire Warper)                  Turns: 3786, Time: 00:30:46

Health: -5/33      AC:  0    Str: 10    XL:     4   Next: 87%
Magic:  1/7        EV: 22    Int: 15    God:
Gold:   199        SH:  0    Dex: 19    Spells: 0/7 levels left

rFire    . . .     SeeInvis +   (weapon currently unavailable)
rCold    . . .     Gourm    .   (shield currently unavailable)
rNeg     + . .     Faith    .   (armour currently unavailable)
rPois    .         Spirit   .   (helmet currently unavailable)
rElec    .         Reflect  .   (cloak currently unavailable)
rCorr    .         Harm     .   (gloves currently unavailable)
MR       .....                  (boots currently unavailable)
Stlth    ++++......             (no amulet)
HPRegen  0.11/turn              (ring currently unavailable)
MPRegen  0.10/turn              (ring currently unavailable)

@: bat-form, flying, very slightly contaminated, very quick
A: tiny, fangs 3, see invisible
a: End Transformation


You were on level 4 of the Dungeon.
You were not thirsty.
You were in vampire-bat-form.
You visited 1 branch of the dungeon, and saw 4 of its levels.

You collected 199 gold pieces.

Inventory:

Hand Weapons
 a - a +3 hand axe
 g - a +0 dagger of flaming (melded)
 q - a +0 hunting sling
Missiles
 e - 5 tomahawks of dispersal
 i - 69 stones (quivered)
 r - 4 tomahawks
Armour
 b - a +0 leather armour (melded)
Jewellery
 u - a +3 ring of intelligence (melded)
Scrolls
 d - a scroll of blinking
 h - 2 scrolls of remove curse {unknown}
 k - a scroll of fog {unknown}
 o - 3 scrolls of enchant weapon {unknown}
 t - a scroll of enchant armour {unknown}
Potions
 f - 14 potions of blood
 j - 2 potions of curing
 l - a potion of heal wounds
 m - a potion of lignification
 n - a potion of brilliance
 p - a potion of ambrosia
 s - a potion of agility
Books
 c - a book of Spatial Translocations

   Spells                             Type                      Level
   a - Blink                          Translocation                2
   b - Shroud of Golubria             Charms/Translocation         2
   c - Lesser Beckoning               Translocation                3
   d - Gell's Gravitas                Translocation                3
   e - Teleport Other                 Translocation                3
   f - Passage of Golubria            Translocation                4
 v - a book of Misfortune

   Spells                             Type                      Level
   a - Confusing Touch                Hexes                        1
   b - Confuse                        Hexes                        3
   c - Gell's Gravitas                Translocation                3
   d - Petrify                        Transmutation/Earth          4
   e - Metabolic Englaciation         Hexes/Ice                    5
   f - Yara's Violent Unravelling     Hexes/Transmutation          5


   Skills:
 - Level 2.1 Fighting
 * Level 3.8 Short Blades
 - Level 0.7 Throwing
 - Level 1.0 Armour
 + Level 3.5 Dodging
 + Level 1.0 Stealth
 + Level 2.2 Spellcasting
 * Level 0.2 Hexes
 * Level 1.2 Charms
 + Level 2.4 Translocations


You couldn't memorise any spells.
You knew the following spells:

 Your Spells              Type           Power        Failure   Level  Hunger
a - Shroud of Golubria    Chrm/Tloc      #.........   16%         2    ###....
b - Blink                 Tloc           N/A          12%         2    ###....
c - Confuse               Hex            #.......     52%         3    ###....


Dungeon Overview and Level Annotations

Branches:
Dungeon (4/15)
 Temple: D:4-7

Altars:

Annotations:
D:3 Grinder


Innate Abilities, Weirdness & Mutations

You have razor-sharp teeth.
You have supernaturally acute eyesight. (SInv)
((You can survive without breathing.))


Message History

The orc priest is moderately wounded.
The orc priest completely misses you.
You hit the orc priest but do no damage.
The orc priest is moderately wounded.
The orc priest invokes the aid of Beogh against you.
Beogh smites you!
You closely miss the orc priest.
The orc priest is moderately wounded.
You turn into a vampire bat.
Your +0 dagger of flaming melds into your body.
Your +0 leather armour melds into your body.
Your +3 ring of intelligence melds into your body.
Your +0 dagger of flaming stops flaming.
You feel stupid. The orc priest hits you with a dagger.
The orc wizard gestures at you while chanting.
The orc wizard resists with some effort.
The orc priest mumbles some strange prayers to Beogh against you.
Beogh smites you!
You die...

######### #.......#
### #.......# ###.#
##.......# #...#
.#.......# #.#.#
.#.......# #.#.#
.#<......# #.#<#
.#.......# #####.#.#
.........# ##o..b.#.#
รท#.....o.###..#####.#
.########o..o## ..# .#
#..#### ... .# #.##
..# .# #. #..# .# # .#
.#


You could see an orc priest and an orc wizard.

Vanquished Creatures
  3 adders
  2 worms
  A dart slug (D:2)
  4 leopard geckos
  3 orcs (D:3)
  2 ball pythons
  3 giant cockroaches
  16 goblins
  7 hobgoblins
  3 jackals (D:4)
  3 quokkas
  13 bats
  7 frilled lizards
  10 kobolds
  8 rats
85 creatures vanquished.

Notes
Turn   | Place    | Note
-------+----------+-------------------------------------------
     0 | D:1      | Esekla the Vampire Warper began the quest for the Orb.
     0 | D:1      | Reached XP level 1. HP: 16/16 MP: 3/3
   131 | D:1      | Reached XP level 2. HP: 19/22 MP: 5/5
   208 | D:1      | Learned a level 2 spell: Shroud of Golubria
   211 | D:1      | Learned a level 2 spell: Blink
   616 | D:1      | Reached XP level 3. HP: 20/27 MP: 6/6
  1650 | D:2      | Reached skill level 1 in Armour
  1859 | D:3      | Noticed Grinder
  1917 | D:3      | Reached XP level 4. HP: 23/33 MP: 7/7
  1978 | D:3      | Reached skill level 1 in Charms
  3060 | D:2      | Learned a level 3 spell: Confuse
  3558 | D:3      | Reached skill level 1 in Stealth
  3786 | D:4      | Killed from afar by an orc priest

Skill      XL: |  1  2  3  4 |
---------------+-------------+-----
Fighting       | 2 |  2.1
Short Blades   | 3 |  3.8
Armour         | 1 |  1.0
Charms         | 1 |  1.2
Dodging        | 3 |  3.5
Stealth        | 1 |  1.0
Throwing       | |  0.7
Spellcasting   | |  2.2
Hexes          | |  0.2
Translocations | |  2.4

Action                   |  1- 3 |  4- 6 || total
-------------------------+-------+-------++-------
Melee: Short sword       |   208 |       ||   208
       Bite              |    19 |    24 ||    43
       Dagger            |    26 |   166 ||   192
Throw: Stone             |    47 |    34 ||    81
 Cast: Shroud of Golubri |     2 |     3 ||     5
       Confuse           |       |     1 ||     1
 Abil: Bat Form          |       |     3 ||     3
       End Transformatio |       |     2 ||     2
  Use: Scroll            |     4 |     2 ||     6
       Potion            |     2 |     6 ||     8
 Stab: Sleeping          |     4 |     3 ||     7
Armor: Leather armour    |    75 |    23 ||    98
Dodge: Dodged            |   176 |    77 ||   253
